 Dungeon Crawl Stone Soup version 0.23.0 (webtiles) character file.

Game seed: 4965195570229463798

64429 Lavandula the Grappler (level 14, -2/131 HPs)
             Began as a Troll Monk on Feb 10, 2019.
             Was a Priest of Uskayaw.
             Slain by a harpy (8 damage)
             ... on level 1 of the Shoals.
             The game lasted 01:26:40 (18295 turns).

Lavandula the Grappler (Troll Monk)                Turns: 18295, Time: 01:26:41

Health: -2/131     AC: 15    Str: 25    XL:     14   Next: 71%
Magic:  14/20      EV: 13    Int:  5    God:    Uskayaw [***...]
Gold:   657        SH:  0    Dex: 12    Spells: 3/23 levels left

rFire    + . .     SeeInvis +     - Unarmed
rCold    . . .     Gourm    +   (no shield)
rNeg     . . .     Faith    .   g - +2 robe of Apathy {rElec rPois Regen+}
rPois    +         Spirit   .   M - +2 hat {SInv}
rElec    +         Reflect  .   P - +1 cloak
rCorr    .         Harm     .   (gloves unavailable)
MR       +....                  (boots unavailable)
Stlth    +++.......             O - amulet of the acrobat
HPRegen  1.11/turn              V - +1 ring of evasion
MPRegen  0.17/turn              x - +3 ring of protection

@: no potions, very slightly contaminated
A: large, unfitting armour, claws 3, dopey 1, fire resistance 1, fast metabolism
3, gourmand, regeneration 1, shaggy fur 1, tough skin 3, no potion heal 1,
inability to drink while threatened, inability to train armour, unskilled 1,
inexperienced 1
a: Stomp, Line Pass, Renounce Religion


You were on level 1 of the Shoals.
You worshipped Uskayaw.
Uskayaw was noncommittal.
You were very full.

You visited 5 branches of the dungeon, and saw 25 of its levels.
You also visited: Sewer and Volcano.

You collected 2604 gold pieces.
You spent 1947 gold pieces at shops.

Inventory:

Hand Weapons
 c - a +0 blowgun
 w - a +4 trident
Missiles
 e - 111 poisoned needles
 D - 4 throwing nets
 E - 10 javelins
 T - 15 large rocks (quivered)
Armour
 g - the +2 robe of Apathy (worn) {rElec rPois Regen+}
   (You bought it in a shop on level 12 of the Dungeon)

   It insulates you from electricity.
   It protects you from poison.
   It increases your rate of regeneration.
 v - a +2 robe of resistance
 F - a +2 robe of magic resistance
 M - a +2 hat of see invisible (worn)
 P - a +1 cloak (worn)
 S - the +2 large shield of the Pit {+Inv rElec}
   (You acquired it on level 2 of the Lair of Beasts)

   It insulates you from electricity.
   It lets you turn invisible.
 W - +0 fire dragon scales
 Z - +0 acid dragon scales
Jewellery
 h - an uncursed ring of protection from cold
 q - an uncursed ring of stealth
 x - a +3 ring of protection (right claw)
 H - the ring of the Lotus Blossom {rCorr Str+2}
   (You acquired it on level 2 of the Lair of Beasts)

   [ring of resist corrosion]

   It affects your strength (+2).
 O - an amulet of the acrobat (around neck)
 V - a +1 ring of evasion (left claw)
Wands
 m - a wand of iceblast (8)
 y - a wand of random effects (37)
 J - a wand of enslavement (18)
 N - a wand of polymorph (8)
 Q - a wand of flame (30)
 U - a wand of digging (2)
Scrolls
 a - 2 scrolls of immolation
 j - 6 scrolls of teleportation
 l - 3 scrolls of remove curse
 n - 2 scrolls of random uselessness {unknown}
 p - 5 scrolls of amnesia
 r - 2 scrolls of fog
 G - 3 scrolls of enchant weapon
 K - a scroll of silence {unknown}
 L - a scroll of blinking
 X - a scroll of brand weapon {unknown}
 Y - a scroll of magic mapping
Potions
 d - 7 potions of haste
 f - 5 potions of might
 i - 3 potions of cancellation
 k - 9 potions of curing
 o - 3 potions of berserk rage
 s - 10 potions of heal wounds
 t - 7 potions of brilliance
 u - 4 potions of flight
 z - 2 potions of invisibility
 A - 2 potions of agility
 B - 5 potions of lignification
 C - 2 potions of mutation
 I - 2 potions of ambrosia
Miscellaneous
 R - a lamp of fire
Comestibles
 b - 39 rations


   Skills:
 - Level 6.8 Fighting
 - Level 5.8 Throwing
 - Level 5.3 Dodging
 - Level 4.3 Stealth
 - Level 14.8 Unarmed Combat
 - Level 5.0 Spellcasting
 + Level 1.5 Conjurations
 - Level 4.8 Charms
 - Level 6.6 Necromancy
 - Level 3.1 Translocations
 - Level 1.8 Evocations


You had 3 spell levels left.
You knew the following spells:

 Your Spells              Type           Power        Failure   Level  Hunger
a - Animate Skeleton      Necr           N/A          1%          1    ##.....
b - Regeneration          Chrm/Necr      #.........   9%          3    ####...
c - Shroud of Golubria    Chrm/Tloc      #.........   10%         2    ###....
d - Song of Slaying       Chrm           #.......     7%          2    ###....
e - Statue Form           Tmut/Erth      #........    100%        6    #######
f - Blink                 Tloc           N/A          13%         2    ###....
g - Apportation           Tloc           #.....       9%          1    ##.....
h - Mephitic Cloud        Conj/Pois/Air  #.......     61%         3    ####...

Your spell library contained the following spells:

 Spells                   Type           Power        Failure   Level  Hunger
 Pain                     Necr           #...         1%          1    ##.....
 Infusion                 Chrm           #...         4%          1    ##.....
 Vampiric Draining        Necr           #.........   6%          3    ####...
 Magic Dart               Conj           #...         17%         1    ##.....
 Swiftness                Chrm/Air       #.......     19%         2    ###....
 Flame Tongue             Conj/Fire      #....        24%         1    ##.....
 Shock                    Conj/Air       #...         24%         1    ##.....
 Searing Ray              Conj           #.....       26%         2    ###....
 Gell's Gravitas          Tloc           #.........   26%         3    ####...
 Confusing Touch          Hex            #.....       32%         1    ##.....
 Corona                   Hex            #......      32%         1    ##.....
 Sandblast                Erth           #.....       32%         1    ##.....
 Summon Small Mammal      Summ           #...         32%         1    ##.....
 Throw Flame              Conj/Fire      #.....       34%         2    ###....
 Spectral Weapon          Hex/Chrm       #.......     34%         3    ####...
 Call Imp                 Summ           #.......     43%         2    ###....
 Ensorcelled Hibernation  Hex/Ice        #.....       43%         2    ###....
 Passwall                 Tmut/Erth      #.......     43%         2    ###....
 Slow                     Hex            #.......     43%         2    ###....
 Portal Projectile        Hex/Tloc       #.....       45%         3    ####...
 Recall                   Summ/Tloc      N/A          45%         3    ####...
 Conjure Flame            Conj/Fire      #.......     56%         3    ####...
 Dazzling Spray           Conj/Hex       #.....       56%         3    ####...
 Static Discharge         Conj/Air       #.......     56%         3    ####...
 Stone Arrow              Conj/Erth      #.....       56%         3    ####...
 Confuse                  Hex            #.......     67%         3    ####...
 Inner Flame              Hex/Fire       #.......     67%         3    ####...
 Tukima's Dance           Hex            #.......     67%         3    ####...
 Animate Dead             Necr           N/A          21%         4    #####..
 Force Lance              Conj/Tloc      #.......     77%         4    #####..
 Iskenderun's Mystic Bla  Conj           #.......     86%         4    #####..
 Borgnjor's Vile Clutch   Necr/Erth      #.........   92%         5    ######.
 Fulminant Prism          Conj/Hex       #.........   93%         4    #####..
 Sticky Flame             Conj/Fire      #.......     93%         4    #####..
 Iskenderun's Battlesphe  Conj/Chrm      #.......     94%         5    ######.
 Airstrike                Air            #.........   97%         4    #####..
 Leda's Liquefaction      Hex/Erth       #.........   97%         4    #####..
 Petrify                  Tmut/Erth      #.......     97%         4    #####..
 Death Channel            Necr           #.........   97%         6    #######
 Bolt of Magma            Conj/Fire/Erth #.........   100%        5    ######.
 Fireball                 Conj/Fire      #.........   100%        5    ######.
 Lee's Rapid Deconstruct  Erth           #.........   100%        5    ######.
 Lightning Bolt           Conj/Air       #.........   100%        5    ######.
 Venom Bolt               Conj/Pois      #.........   100%        5    ######.
 Dispersal                Tloc           #.........   100%        6    #######
 Iron Shot                Conj/Erth      #.........   100%        6    #######
 Simulacrum               Ice/Necr       #.........   100%        6    #######
 Orb of Destruction       Conj           #.........   100%        7    #######
 Spellforged Servitor     Conj/Summ      #.........   100%        7    #######
 Controlled Blink         Tloc           N/A          100%        8    #######
 Disjunction              Tloc           #.........   100%        8    #######
 Shatter                  Erth           #.........   100%        9    #######


Dungeon Overview and Level Annotations

Branches:
Dungeon (14/15)            Temple (1/1) D:6            Lair (6/6) D:9
 Shoals (2/4) Lair:2        Snake (0/4) Lair:3        Slime (0/5) Lair:6
    Orc (2/2) D:9             Elf (0/3) Orc:2
 Vaults: D:13-14

Altars:
Ashenzari
Cheibriados
Dithmenos
Elyvilon
Fedhas
Gozag
Hepliaklqana
Kikubaaqudgha
Makhleb
Nemelex Xobeh
Okawaru
Qazlal
Ru
Sif Muna
Trog
Uskayaw
Vehumet
Wu Jian
Xom
Yredelemnul
Zin
The Shining One
Beogh

Shops:
D:6 !   D:7 [   D:11 *:   D:12 *   Orc:2 }!%

Annotations:
D:9 exclusion: door


Innate Abilities, Weirdness & Mutations

You are too large for most types of armour.
You have claws for hands.
You are dopey. (Int -2)
Your metabolism is lightning-fast.
You like to eat raw meat.
Your natural rate of healing is unusually fast.
You are covered in fur. (AC +1)
You have extremely tough skin. (AC +3)
You cannot drink potions while threatened.
You cannot train Armour skill.
You are somewhat unskilled. (-1 Apt)
You are somewhat inexperienced. (-2 XL)
Your flesh is heat resistant. (rF+)
Potions are less effective at restoring your health.


Message History

The harpy claws you.
* * * LOW HITPOINT WARNING * * *
The harpy closely misses you.
The harpy claws you but does no damage. x2
The harpy claws you.
* * * LOW HITPOINT WARNING * * *
Uskayaw will force your foes to helplessly watch your dance.
Uskayaw prepares the audience for your solo!
The helpless harpy fails to defend herself.
You mangle the harpy!!
The harpy is heavily wounded.
The helpless harpy fails to defend herself.
You claw the harpy!
The harpy is severely wounded.
The harpy is no longer paralysed. x3; The harpy misses you.
The harpy claws you!
* * * LOW HITPOINT WARNING * * *
The harpy claws you!
* * * LOW HITPOINT WARNING * * *
The harpy claws you but does no damage. The harpy closely misses you.
The harpy misses you. The harpy claws you!
You die...

#....≈......# ##.≈≈≈≈≈≈≈≈≈≈≈≈
....≈≈≈≈P≈≈.# ##...≈≈≈≈≈≈≈≈≈≈
....≈≈≈≈..≈.# ###.....≈≈≈≈≈≈≈≈≈
..≈≈≈≈...≈...####....≈..≈≈≈≈≈††≈≈
≈≈≈≈≈≈...≈.[.P#.......≈≈≈≈≈≈†≈≈≈≈
≈≈..≈>≈..................≈≈≈≈.≈≈≈
..≈....#P..###........≈≈≈
.≈≈≈P..#...##.....%...≈≈≈
≈PPP≈..H@.........####.≈≈
≈...≈..HH...Z≈.≈≈.# ##Z.≈
...........≈≈..≈.####....
....≈≈≈≈≈≈≈≈≈..≈..#.....≈
.≈≈≈≈≈≈≈≈......≈...)..≈≈≈
≈≈P≈≈≈≈≈.............≈≈≈≈
≈≈≈≈≈≈≈≈≈..≈....≈≈≈.≈≈≈≈≈
≈≈≈≈≈≈≈≈≈≈≈≈≈...≈≈≈≈≈≈≈≈≈
≈≈≈≈≈≈≈≈≈≈≈≈≈..≈≈≈≈≈≈≈≈≈≈


You could see 3 harpies and a friendly cyclops skeleton.

Vanquished Creatures
  Gastronok (D:9)
  A stone giant (Volcano)
  A fire dragon (Lair:6)
  Harold (Orc:1)
  2 vault guards (D:14)
  A hydra (Lair:6)
  2 catoblepae
  2 merfolk aquamancers (Shoals:1)
  Erica (Lair:2)
  2 two-headed ogres
  8 orc high priests (Orc:2)
  The ghost of vogonpoet the Covert, a journeyman SpEn of Ashenzari (Lair:1)
  A lindwurm (Lair:6)
  A harpy (Shoals:1)
  3 sea snakes
  Pikel (D:7)
  An orc knight (Orc:1)
  4 cyclopes
  2 wolf spiders (Lair:6)
  An orc sorcerer (Orc:2)
  4 ugly things
  4 deep elf magi
  A manticore (D:14)
  A guardian serpent (Lair:6)
  A merfolk siren (Lair:2)
  7 black mambas
  5 torpor snails (Lair:6)
  Psyche (D:9)
  2 molten gargoyles (Volcano)
  2 gargoyles (Volcano)
  11 spiny frogs
  An efreet (Volcano)
  4 rime drakes
  A kobold demonologist (D:12)
  8 komodo dragons
  5 trolls
  3 merfolk
  5 polar bears (Lair:4)
  Grinder (D:4)
  8 blink frogs
  6 slime creatures (D:12)
  2 tyrant leeches (Lair:6)
  2 snapping turtles (Shoals:1)
  8 hippogriffs
  10 hornets
  2 dream sheep (Shoals:1)
  8 wyverns
  Sigmund (D:3)
  3 redbacks (Lair:6)
  22 yaks
  A vampire (D:10)
  2 fire bats (Volcano)
  2 basilisks
  A fire elemental (Volcano)
  A hungry ghost (D:13)
  Eustachio (D:4)
  A steam dragon (Lair:3)
  2 nagas (Lair:3)
  Edmund (D:5)
  A soldier ant (D:12)
  23 water moccasins
  6 wargs (Orc:2)
  2 acid dragons
  3 porcupines
  A swamp drake (Orc:2)
  14 orc warriors
  2 ice beasts
  4 sky beasts
  3 black bears
  4 phantoms
  A necrophage (D:10)
  7 wolves (Lair:3)
  3 centaurs
  11 crocodiles
  8 ogres
  Blork the orc (D:6)
  A big kobold (D:12)
  16 bullfrogs
  An earth elemental (Volcano)
  A gnoll sergeant (Orc:2)
  A water moccasin zombie (D:9)
  4 scorpions
  A water moccasin skeleton (D:6)
  8 wights
  11 killer bees (D:8)
  A howler monkey (D:9)
  4 electric eels
  3 centaur zombies
  6 lava snakes (Volcano)
  6 crimson imps
  A quasit (D:8)
  3 centaur skeletons
  4 hounds
  2 jellies
  3 bullfrog skeletons
  An iron imp (Orc:2)
  29 orc priests
  16 orc wizards
  2 iguanas
  7 worker ants
  A hound zombie (D:10)
  2 hound skeletons (D:5)
  3 worker ant zombies
  20 adders
  7 gnolls
  7 river rats (Sewer)
  3 shadow imps
  A white imp (Orc:2)
  5 oozes
  An adder skeleton (D:9)
  7 worms
  A dart slug (D:3)
  6 leopard geckos
  63 orcs
  6 ball pythons
  8 giant cockroaches
  5 goblins
  5 hobgoblins
  5 jackals
  8 quokkas
  4 bats
  8 frilled lizards
  24 kobolds
  A quokka zombie (D:9)
  23 rats
  2 plants (Lair:6)
640 creatures vanquished.

Vanquished Creatures (collateral kills)
  A vault guard (D:14)
  2 spiny frogs (Lair:6)
  A hornet (Lair:6)
  2 tyrant leeches (Lair:6)
  A merfolk (Lair:2)
  3 blink frogs (Lair:6)
  A dream sheep (Shoals:1)
  2 hippogriffs
  A yak (D:10)
  A basilisk (Lair:6)
  An acid dragon (D:11)
  2 wargs (Orc:2)
  A water moccasin (Lair:6)
  An electric eel (Lair:6)
  A bullfrog zombie (D:11)
  A jelly (Lair:6)
  3 orc priests (Orc:2)
  5 orcs (Orc:2)
  A kobold (D:12)
  A fungus (Lair:6)
32 creatures vanquished.

Vanquished Creatures (others)
  A manticore (D:13)
  A hornet (D:11)
  An ogre (D:11)
  2 orc wizards (D:7)
  12 fungi
  29 plants
46 creatures vanquished.

Grand Total: 718 creatures vanquished

Notes
Turn   | Place    | Note
-------+----------+-------------------------------------------
     0 | D:1      | Lavandula the Troll Monk began the quest for the Orb.
     0 | D:1      | Reached XP level 1. HP: 22/22 MP: 0/0
    88 | D:2      | Reached XP level 2. HP: 27/29 MP: 1/1
   312 | D:1      | Reached skill level 4 in Unarmed Combat
   489 | D:2      | Found an iron altar of Okawaru.
   494 | D:2      | Reached XP level 3. HP: 29/36 MP: 2/2
   586 | D:3      | Noticed Sigmund
   601 | D:3      | Killed Sigmund
   601 | D:3      | Reached skill level 6 in Unarmed Combat
   601 | D:3      | Reached XP level 4. HP: 22/44 MP: 3/3
   601 | D:3      | Reached XP level 5. HP: 25/50 MP: 4/4
   757 | D:3      | Found an ancient bone altar of Kikubaaqudgha.
   757 | D:3      | Found an ornate altar of the Wu Jian Council.
   759 | D:3      | Found an opulent altar of Gozag.
   876 | D:4      | Reached XP level 6. HP: 43/59 MP: 5/5
   943 | D:4      | Reached skill level 7 in Unarmed Combat
  1006 | D:5      | Entered Level 5 of the Dungeon
  1006 | D:5      | Noticed Edmund
  1117 | D:5      | Killed Edmund
  1117 | D:5      | Reached skill level 8 in Unarmed Combat
  1117 | D:5      | Reached XP level 7. HP: 66/66 MP: 6/6
  1200 | D:5      | Found a glowing drain.
  1204 | Sewer    | Entered a sewer
  1925 | D:4      | Reached skill level 9 in Unarmed Combat
  2036 | D:4      | Noticed Eustachio
  2054 | D:4      | Killed Eustachio
  2054 | D:4      | Reached XP level 8. HP: 71/78 MP: 7/7
  2192 | D:4      | Noticed Grinder
  2202 | D:4      | Killed Grinder
  3580 | D:6      | Reached skill level 5 in Dodging
  3594 | D:6      | Found a staircase to the Ecumenical Temple.
  3595 | D:6      | Noticed Blork the orc
  3605 | Temple   | Entered the Ecumenical Temple
  3654 | D:6      | Found Yryiwotz's Distillery.
  3677 | D:6      | Bought a potion of invisibility for 112 gold pieces
  3677 | D:6      | Bought a potion of agility for 56 gold pieces
  3677 | D:6      | Bought a potion of lignification for 42 gold pieces
  3834 | D:6      | Reached XP level 9. HP: 74/84 MP: 8/8
  3880 | D:6      | Killed Blork the orc
  4185 | Temple   | Became a worshipper of Ru the Awakened
  4197 | Temple   | Gained mutation: You are dopey. (Int -2) [Ru sacrifice]
  4325 | D:8      | Reached skill level 10 in Unarmed Combat
  4821 | D:7      | Found a shadowy altar of Dithmenos.
  4880 | D:7      | Reached skill level 11 in Unarmed Combat
  5064 | D:7      | Noticed Pikel
  5078 | D:7      | Killed Pikel
  5107 | D:7      | Found a shattered altar of Ashenzari.
  5205 | D:7      | Found Xuwasyunn's Antique Armour Emporium.
  5503 | D:8      | Reached skill level 12 in Unarmed Combat
  5580 | D:8      | Found a white marble altar of Elyvilon.
  5619 | D:8      | Gained mutation: Potions are less effective at restoring
                  | your health. [potion of mutation]
  5619 | D:8      | Gained mutation: Your flesh is heat resistant. (rF+)
                  | [potion of mutation]
  5629 | D:8      | Found a blossoming altar of Fedhas.
  5655 | D:9      | Reached XP level 10. HP: 91/92 MP: 9/9
  5675 | D:9      | Learned a level 1 spell: Animate Skeleton
  5677 | D:9      | Learned a level 1 spell: Apportation
  5681 | D:9      | Learned a level 3 spell: Regeneration
  5780 | D:8      | Gained mutation: You cannot train Armour skill. [Ru
                  | sacrifice]
  5780 | D:8      | Reached * piety under Ru
  5780 | D:8      | Reached ** piety under Ru
  6236 | D:9      | Reached skill level 1 in Throwing
  6246 | D:9      | Found a staircase to the Orcish Mines.
  6268 | D:10     | Entered Level 10 of the Dungeon
  6407 | D:9      | Noticed Psyche
  6430 | D:10     | Reached skill level 1 in Evocations
  6523 | D:10     | Reached skill level 1 in Necromancy
  6739 | D:9      | Found a staircase to the Lair.
  6752 | Lair:1   | Entered Level 1 of the Lair of Beasts
  6785 | Lair:1   | Reached skill level 13 in Unarmed Combat
  6946 | Lair:1   | Noticed a spiny frog
  6951 | Lair:1   | Killed a spiny frog
  6985 | Lair:1   | Reached XP level 11. HP: 80/100 MP: 11/11
  7027 | Lair:1   | Noticed vogonpoet's ghost (journeyman SpEn)
  7028 | Lair:1   | Found a runed translucent door.
  7116 | Lair:1   | Killed vogonpoet's ghost
  7228 | Lair:1   | Reached skill level 14 in Unarmed Combat
  7317 | Lair:1   | Gained mutation: You are somewhat inexperienced. (-2 XL)
                  | [Ru sacrifice]
  7317 | Lair:1   | Reached XP level 10. HP: 92/92 MP: 10/10
  7317 | Lair:1   | Reached XP level 9. HP: 84/84 MP: 9/9
  7317 | Lair:1   | Reached *** piety under Ru
  7317 | Lair:1   | Reached **** piety under Ru
  7634 | Lair:2   | Noticed a merfolk
  7636 | Lair:2   | Found a staircase to the Shoals.
  7636 | Lair:2   | Noticed a merfolk siren
  7636 | Lair:2   | Noticed a merfolk
  7636 | Lair:2   | Noticed a merfolk siren
  7652 | Lair:2   | Killed a merfolk siren
  7781 | Lair:2   | Noticed Erica
  7794 | Lair:2   | Killed Erica
  7823 | Lair:2   | Noticed a komodo dragon
  7832 | Lair:2   | Killed a komodo dragon
  7849 | Lair:2   | Killed a merfolk
  7978 | Lair:2   | Noticed a komodo dragon
  7985 | Lair:2   | Killed a komodo dragon
  7985 | Lair:2   | Reached XP level 10. HP: 92/92 MP: 10/10
  8071 | Lair:2   | Noticed a catoblepas
  8209 | D:9      | Got a twisted rapier
  8789 | D:9      | Noticed Gastronok
  8810 | D:9      | Killed Gastronok
  8810 | D:9      | Reached skill level 15 in Unarmed Combat
  8940 | D:9      | Killed Psyche
  9269 | D:11     | Noticed a cyclops
  9327 | D:11     | Found Fovorch's General Store.
  9353 | D:11     | Killed a cyclops
  9353 | D:11     | Reached XP level 11. HP: 99/100 MP: 11/11
  9374 | D:11     | Bought a scroll of teleportation for 39 gold pieces
  9374 | D:11     | Bought a lamp of fire for 520 gold pieces
  9678 | D:12     | Reached skill level 5 in Fighting
  9852 | D:12     | Gained mutation: You are somewhat unskilled. (-1 Apt) [Ru
                  | sacrifice]
  9852 | D:12     | Reduced skill Fighting to level 5
  9852 | D:12     | Reduced skill Unarmed Combat to level 14
  9852 | D:12     | Reduced skill Evocations to level 1
  9852 | D:12     | Reached ***** piety under Ru
  9992 | D:12     | Found Tonah's Assorted Antiques.
 10006 | D:12     | Learned a level 2 spell: Shroud of Golubria
 10009 | D:12     | Learned a level 2 spell: Song of Slaying
 10055 | D:12     | Noticed a deep elf mage
 10056 | D:12     | Noticed a brown ugly thing
 10084 | D:12     | Killed a brown ugly thing
 10135 | D:12     | Killed a deep elf mage
 10424 | D:11     | Noticed a brown ugly thing
 10434 | D:11     | Killed a brown ugly thing
 10434 | D:11     | Reached skill level 1 in Charms
 10444 | D:11     | nice
 10480 | D:11     | Found Jinwyuckoi's Book Boutique.
 10634 | D:11     | Noticed a purple ugly thing
 10642 | D:11     | Killed a purple ugly thing
 10642 | D:11     | Reached skill level 1 in Spellcasting
 11069 | D:13     | Reached XP level 12. HP: 73/111 MP: 10/12
 11151 | D:13     | Noticed a two-headed ogre
 11156 | D:13     | Killed a two-headed ogre
 11463 | D:14     | Noticed a vault guard
 11463 | D:14     | Noticed a vault guard
 11463 | D:14     | Noticed a vault guard
 11486 | D:14     | Killed a vault guard
 11497 | D:14     | Killed a vault guard
 11511 | D:14     | Noticed a vault guard
 11521 | D:14     | Noticed a vault guard
 11527 | D:14     | Killed a vault guard
 11605 | D:14     | Gained mutation: You cannot drink potions while threatened.
                  | [Ru sacrifice]
 11605 | D:14     | Reached ****** piety under Ru
 11611 | D:14     | Noticed a two-headed ogre
 11637 | D:14     | Killed a two-headed ogre
 11886 | Lair:2   | Killed a catoblepas
 11920 | Lair:3   | Found a staircase to the Snake Pit.
 11955 | Lair:3   | You fall through a shaft for 3 floors!
 11955 | Lair:6   | Entered Level 6 of the Lair of Beasts
 12080 | Lair:6   | Found a staircase to the Slime Pits.
 12283 | Lair:4   | Reached XP level 13. HP: 93/119 MP: 18/18
 12632 | Temple   | Fell from the grace of Ru
 12632 | Temple   | Became a worshipper of Uskayaw the Reveler
 12736 | D:9      | Learned a level 6 spell: Statue Form
 12737 | Orc:1    | Entered Level 1 of the Orcish Mines
 12746 | Orc:1    | Reached * piety under Uskayaw
 12751 | Orc:1    | Reached ** piety under Uskayaw
 12769 | Orc:1    | Noticed Harold
 12785 | Orc:1    | Killed Harold
 12791 | Orc:1    | Found a roughly hewn altar of Beogh.
 12820 | Orc:1    | Reached *** piety under Uskayaw
 12830 | Orc:1    | Reached **** piety under Uskayaw
 12834 | Orc:1    | Reached ***** piety under Uskayaw
 12944 | Orc:1    | Reached skill level 5 in Spellcasting
 13131 | Orc:1    | Found a dark tunnel.
 13138 | Volcano  | Entered a volcano
 13288 | Volcano  | Found a bloodstained altar of Trog.
 13296 | Volcano  | Reached skill level 1 in Translocations
 13310 | Volcano  | Noticed a stone giant
 13318 | Volcano  | HP: 4/119 [stone giant/large rock (14)]
 13561 | Volcano  | Killed a stone giant
 13851 | Orc:2    | Entered Level 2 of the Orcish Mines
 13871 | Orc:2    | Found a staircase to the Elven Halls.
 13995 | Orc:2    | Reached ****** piety under Uskayaw
 13998 | Orc:2    | HP: 1/119 [orc high priest/divine providence (10)]
 14145 | Orc:2    | Reached skill level 5 in Throwing
 14227 | Orc:2    | Found Fiydaddy's Food Boutique.
 14227 | Orc:2    | Found Hessawupn's Distillery.
 14271 | Orc:2    | Reached skill level 1 in Stealth
 14794 | Orc:2    | Found Bon Isach's Antique Armour Boutique.
 14794 | Orc:2    | Found Coafiopp's Gadget Shoppe.
 14830 | Orc:2    | Found a roughly hewn altar of Beogh.
 14981 | Orc:2    | Learned a level 2 spell: Blink
 15748 | D:12     | Bought a scroll labeled XOGEZX TOJIQEGG for 40 gold pieces
 15748 | D:12     | Bought a bloodstained robe for 228 gold pieces
 15748 | D:12     | Bought a scroll of magic mapping for 140 gold pieces
 15881 | D:6      | Bought a potion of resistance for 140 gold pieces
 15881 | D:6      | Bought a potion of heal wounds for 70 gold pieces
 15881 | D:6      | Bought 2 potions of heal wounds for 140 gold pieces
 15881 | D:6      | Bought a potion of invisibility for 112 gold pieces
 15881 | D:6      | Bought a potion of agility for 56 gold pieces
 15881 | D:6      | Bought a potion of haste for 140 gold pieces
 15881 | D:6      | Bought a potion of cancellation for 112 gold pieces
 15899 | D:6      | Identified the +2 robe of Apathy {rElec rPois Regen+} (You
                  | bought it in a shop on level 12 of the Dungeon)
 16342 | Lair:6   | Reached XP level 14. HP: 70/127 MP: 2/20
 16749 | Lair:6   | Found a runed translucent door.
 17224 | Lair:6   | Paralysed by a hornet for 3 turns
 17350 | Lair:6   | Reached skill level 5 in Necromancy
 17694 | Lair:4   | Identified the +6 rapier of Karma {flame, +Rage Str+2} (You
                  | found it on level 9 of the Dungeon)
 17787 | Lair:3   | Found a glowing golden altar of the Shining One.
 17954 | Lair:2   | Identified 2 scrolls of acquirement
 17967 | Lair:2   | Got a steaming large shield
 17973 | Lair:2   | Identified the +2 large shield of the Pit {+Inv rElec} (You
                  | acquired it on level 2 of the Lair of Beasts)
 17979 | Lair:2   | Got a bound glass ring
 17981 | Lair:2   | Identified the ring of the Lotus Blossom {rCorr Str+2} (You
                  | acquired it on level 2 of the Lair of Beasts)
 17996 | Shoals:1 | Entered Level 1 of the Shoals
 18120 | Shoals:1 | Learned a level 3 spell: Mephitic Cloud
 18204 | Shoals:1 | Reached skill level 1 in Conjurations
 18295 | Shoals:1 | HP: 6/131 [harpy (13)]
 18295 | Shoals:1 | Slain by a harpy

Skill      XL: |  1  2  3  4  5  6  7  8  9 10 11 12 13 14 |
---------------+-------------------------------------------+-----
Unarmed Combat | 4 6 8 9 12 15 14 | 14.8
Fighting       | 4 5 6 |  6.8
Dodging        | 5 |  5.3
Throwing       | 3 4 5 |  5.8
Evocations     | 2 1 |  1.8
Necromancy     | 3 6 |  6.6
Stealth        | 0 4 |  4.3
Charms         | 2 4 |  4.8
Spellcasting   | 1 4 5 |  5.0
Translocations | 3 |  3.1
Conjurations   | 1 |  1.5

Action                   |  1- 3 |  4- 6 |  7- 9 | 10-12 | 13-15 || total
-------------------------+-------+-------+-------+-------+-------++-------
Melee: Unarmed           |    78 |    56 |   460 |   690 |   747 ||  2031
       Punch             |       |     1 |    18 |    43 |    51 ||   113
 Fire: Blowgun           |       |       |     4 |       |       ||     4
Throw: Javelin           |       |       |     4 |    37 |       ||    41
       Large rock        |       |       |       |    15 |    18 ||    33
 Cast: Animate Skeleton  |       |       |     3 |    38 |    33 ||    74
       Apportation       |       |       |       |     3 |    16 ||    19
       Song of Slaying   |       |       |       |     4 |    10 ||    14
       Regeneration      |       |       |       |     7 |    67 ||    74
       Shroud of Golubri |       |       |       |       |    11 ||    11
Invok: Sacrifice Purity  |       |       |     1 |       |       ||     1
       Sacrifice Experie |       |       |     1 |       |       ||     1
       Sacrifice Durabil |       |       |       |     1 |       ||     1
       Draw Out Power    |       |       |       |     4 |       ||     4
       Sacrifice Skill   |       |       |       |     1 |       ||     1
       Sacrifice Drink   |       |       |       |     1 |       ||     1
       Line Pass         |       |       |       |       |     2 ||     2
Evoke: Wand              |       |     3 |     7 |     9 |    16 ||    35
       Lamp of fire      |       |       |       |       |     2 ||     2
  Use: Scroll            |       |     7 |    13 |     4 |    13 ||    37
       Potion            |       |       |     1 |       |       ||     1
 Stab: Sleeping          |     2 |       |    22 |     3 |     9 ||    36
       Invisible         |       |       |       |     8 |       ||     8
       Paralysed         |       |       |       |     1 |    41 ||    42
       Distracted        |       |       |       |       |     6 ||     6
  Eat: Chunk             |    11 |     5 |    46 |    67 |    54 ||   183
       Ration            |       |       |       |       |     5 ||     5
Armor: Robe              |    19 |    11 |   124 |   146 |   229 ||   529
Dodge: Dodged            |    28 |    19 |   207 |   293 |   475 ||  1022
